 Dungeon Crawl Stone Soup version 0.23.2-1-ga50397a6bc (webtiles) character file.

Game seed: 11452212859957893484

1680 Freyura the Cudgeler (level 8, -2/64 HPs)
             Began as a Demonspawn Fighter on May 4, 2019.
             Was a Follower of Ru.
             Slain by an orc warrior
             ... wielding a +0 war axe
              (3 damage)
             ... on level 6 of the Dungeon.
             The game lasted 00:25:06 (4048 turns).

Freyura the Cudgeler (Demonspawn Fighter)           Turns: 4048, Time: 00:25:06

Health: -2/64      AC: 13    Str: 17 (18) XL:     8   Next: 70%
Magic:  8/8        EV: 10    Int:  7 (9)  God:    Ru [*.....]
Gold:   351        SH: 10    Dex: 13 (14) Spells: 7/7 levels left

rFire    . . .     SeeInvis .   a - +2 flail
rCold    . . .     Gourm    .   c - +0 shield
rNeg     . . .     Faith    .   b - +0 scale mail
rPois    .         Spirit   .   (helmet restricted)
rElec    .         Reflect  .   (no cloak)
rCorr    .         Harm     .   (no gloves)
MR       .....                  l - +2 pair of boots
Stlth    ..........             (no amulet)
HPRegen  0.20/turn              m - +3 ring of evasion
MPRegen  0.11/turn              (no ring)

@: no status effects
A: antennae 2, icy blue scales 2, powered by death 2, hated by all
a: Renounce Religion


You were on level 6 of the Dungeon.
You worshipped Ru.
Ru was aware of your devotion.
You were hungry.

You visited 1 branch of the dungeon, and saw 8 of its levels.

You collected 351 gold pieces.

Inventory:

Hand Weapons
 a - a +2 flail (weapon)
Armour
 b - a +0 scale mail (worn)
 c - a +0 shield (worn)
 l - a +2 pair of boots (worn)
Jewellery
 d - an uncursed ring of ice
 m - a +3 ring of evasion (left hand)
Wands
 i - a wand of paralysis (3)
 q - a wand of random effects (10)
Scrolls
 e - 3 scrolls of teleportation
 g - 3 scrolls of identify
 h - 2 scrolls of remove curse
 p - a scroll of blinking
 s - a scroll of enchant armour
 u - a scroll of enchant weapon
Potions
 j - a potion of resistance
 k - a potion of magic
 o - a potion of curing
Comestibles
 f - 8 rations
 n - 2 chunks of flesh


   Skills:
 + Level 5.8 Fighting
 * Level 6.6 Maces & Flails
 + Level 5.2 Armour
 + Level 5.2 Shields


You had 7 spell levels left.
You didn't know any spells.
Your spell library was empty.

Dungeon Overview and Level Annotations

Branches:
Dungeon (8/15)             Temple (0/1) D:7
   Lair: D:8-11

Altars:
Ru
Sif Muna
Yredelemnul

Shops:
D:4 %

Annotations:
D:6 2 runed translucent doors


Innate Abilities, Weirdness & Mutations

You have a pair of antennae on your head.
You are mostly covered in icy blue scales. (AC +3)
You regenerate health from kills.
You are hated by all.


Message History

The howler monkey hoots and howls with incredible vigour!
You hear an angry buzzing noise. x3; You hear an angry hiss.
Your shield and scale mail prevent you from hitting the orc warrior.
The orc warrior is moderately wounded.
You block the howler monkey's attack. You block the orc warrior's attack.
The howler monkey closely misses you.
You closely miss the orc warrior.
The orc warrior is moderately wounded.
The howler monkey begins to attack, but is stunned by your will!
The orc warrior hits you with a +0 war axe!
* * * LOW HITPOINT WARNING * * *
The howler monkey hits you but does no damage.
The howler monkey hoots and howls with incredible vigour!
You hear an angry buzzing noise. x4; You hear an angry hiss. x2
It was a potion of degeneration.
There was something very wrong with that liquid.
You feel weakened.
You feel dopey.
You feel clumsy.
The howler monkey hoots and howls with incredible vigour!
The orc warrior hits you with a +0 war axe.
You die...

.........############
####...##......
⌠#####.....)....
............###.
⌠##.##....### #
#..##.##o..##a..#
......oh)..#aa..+
####{#h#{.#aa..# #
#@#..#{...#
#o#..#a..##
.o...##+## .#.#... yy
....#.... y #.
##...#. #. . .# . . .


You could see an orc warrior, 2 howler monkeys and 3 orcs.

Vanquished Creatures
  3 ice beasts
  4 ogres
  4 centaurs
  A scorpion (D:4)
  A howler monkey (D:6)
  A crimson imp (D:5)
  A bullfrog zombie (D:6)
  4 hounds
  An orc wizard (D:8)
  2 centaur skeletons
  Terence (D:2)
  2 iguanas
  3 worker ants
  A hound zombie (D:5)
  2 hound skeletons
  2 worker ant zombies
  12 adders
  A worm (D:4)
  4 dart slugs (D:1)
  6 leopard geckos
  13 orcs
  3 bats
  2 giant cockroaches
  3 hobgoblins
  8 jackals
  3 kobolds
  3 quokkas
  3 frilled lizards
  5 goblins
  A quokka skeleton (D:6)
  A quokka zombie (D:7)
  5 rats (D:1)
  A fungus (D:4)
107 creatures vanquished.

Notes
Turn   | Place    | Note
-------+----------+-------------------------------------------
     0 | D:1      | Freyura the Demonspawn Fighter began the quest for the Orb.
     0 | D:1      | Reached XP level 1. HP: 18/18 MP: 1/1
    80 | D:1      | Reached skill level 2 in Maces & Flails
    85 | D:1      | Gained mutation: You have a pair of small antennae on your
                  | head. [demonic ancestry]
    85 | D:1      | Reached XP level 2. HP: 19/24 MP: 2/2
   600 | D:2      | Gained mutation: You have a pair of antennae on your head.
                  | [demonic ancestry]
   600 | D:2      | Reached XP level 3. HP: 24/29 MP: 3/3
   607 | D:2      | Noticed Terence
   621 | D:2      | Killed Terence
   927 | D:2      | Gained mutation: You regenerate a little health from kills.
                  | [demonic ancestry]
   927 | D:2      | Reached XP level 4. HP: 18/35 MP: 4/4
   948 | D:2      | Reached skill level 3 in Maces & Flails
  1669 | D:3      | Gained mutation: You are partially covered in icy blue
                  | scales. (AC +2) [demonic ancestry]
  1669 | D:3      | Reached XP level 5. HP: 40/41 MP: 5/5
  1937 | D:3      | Found a basalt altar of Yredelemnul.
  2125 | D:3      | Found a faded altar of an unknown god.
  2368 | D:4      | Gained mutation: You are mostly covered in icy blue scales.
                  | (AC +3) [demonic ancestry]
  2368 | D:4      | Reached XP level 6. HP: 16/48 MP: 6/6
  2421 | D:4      | Reached skill level 4 in Maces & Flails
  2766 | D:4      | Found Zymmouce's Food Shop.
  2837 | D:4      | Found a sacrificial altar of Ru.
  2850 | D:4      | Became a worshipper of Ru the Awakened
  2906 | D:5      | Entered Level 5 of the Dungeon
  2932 | D:5      | Found a deep blue altar of Sif Muna.
  2945 | D:5      | Reached XP level 7. HP: 30/55 MP: 7/7
  3138 | D:5      | Reached skill level 5 in Maces & Flails
  3389 | D:5      | You fall through a shaft for 3 floors!
  3509 | D:7      | Reached skill level 5 in Fighting
  3519 | D:7      | Gained mutation: You regenerate health from kills. [demonic
                  | ancestry]
  3519 | D:7      | Reached XP level 8. HP: 40/62 MP: 8/8
  3636 | D:7      | Identified a scroll of acquirement
  3738 | D:7      | Found a staircase to the Ecumenical Temple.
  3817 | D:7      | Reached skill level 6 in Maces & Flails
  3901 | D:6      | Gained mutation: You are hated by all. [Ru sacrifice]
  3901 | D:6      | Reached * piety under Ru
  3916 | D:6      | Reached skill level 5 in Armour
  3916 | D:6      | Reached skill level 5 in Shields
  3977 | D:6      | Found a runed translucent door.
  3979 | D:6      | Found a runed translucent gate.
  4047 | D:6      | HP: 1/64 [orc warrior/+0 war axe (12)]
  4048 | D:6      | Slain by an orc warrior

Skill      XL: |  1  2  3  4  5  6  7  8 |
---------------+-------------------------+-----
Maces & Flails | 2 3 4 5 6 |  6.6
Armour         | 3 4 5 |  5.2
Shields        | 3 4 5 |  5.2
Fighting       | 4 5 |  5.8

Action                   |  1- 3 |  4- 6 |  7- 9 || total
-------------------------+-------+-------+-------++-------
Melee: Flail             |   103 |   190 |   249 ||   542
Invok: Sacrifice Love    |       |       |     1 ||     1
  Use: Scroll            |       |    12 |     3 ||    15
       Potion            |       |     2 |     6 ||     8
  Eat: Ration            |       |     1 |       ||     1
       Chunk             |       |     3 |     4 ||     7
Armor: Scale mail        |    41 |   106 |   146 ||   293
Dodge: Dodged            |    32 |    50 |   122 ||   204
Block: Shield            |    45 |    91 |   186 ||   322
